[gd_scene load_steps=4 format=3 uid="uid://856nywehlft2"]

[ext_resource type="Theme" uid="uid://c8gi55ytddx54" path="res://assets/resources/main_theme.tres" id="1_glgvb"]
[ext_resource type="Script" path="res://menus/character_display/character_display.gd" id="2_270w2"]
[ext_resource type="PackedScene" uid="uid://bl5hvhf36kir1" path="res://menus/image_picker/image_picker.tscn" id="2_cuccp"]

[node name="CharacterDisplay" type="HBoxContainer"]
anchors_preset = 15
anchor_right = 1.0
anchor_bottom = 1.0
grow_horizontal = 2
grow_vertical = 2
size_flags_vertical = 3
theme = ExtResource("1_glgvb")
script = ExtResource("2_270w2")

[node name="ConfirmDelete" type="ConfirmationDialog" parent="."]
title = "Deleting Character Sheet..."
initial_position = 4
size = Vector2i(300, 140)
theme = ExtResource("1_glgvb")
ok_button_text = "Delete"
dialog_text = "Do you really want to delete this Sheet?"
dialog_autowrap = true
cancel_button_text = "Abort"

[node name="VBoxContainer" type="VBoxContainer" parent="."]
layout_mode = 2
size_flags_horizontal = 0
theme_override_constants/separation = 4

[node name="Label" type="Label" parent="VBoxContainer"]
layout_mode = 2
theme = ExtResource("1_glgvb")
text = "Token"

[node name="TokenEdit" parent="VBoxContainer" instance=ExtResource("2_cuccp")]
layout_mode = 2

[node name="Name" type="Label" parent="VBoxContainer"]
layout_mode = 2
theme = ExtResource("1_glgvb")
text = "Name"

[node name="NameEdit" type="LineEdit" parent="VBoxContainer"]
layout_mode = 2

[node name="HSeparator" type="HSeparator" parent="VBoxContainer"]
layout_mode = 2
size_flags_vertical = 3
theme = ExtResource("1_glgvb")

[node name="HBoxContainer" type="HBoxContainer" parent="VBoxContainer"]
layout_mode = 2
theme_override_constants/separation = 4

[node name="SaveSheet" type="Button" parent="VBoxContainer/HBoxContainer"]
layout_mode = 2
theme = ExtResource("1_glgvb")
text = "Save Sheet"

[node name="CloseSheet" type="Button" parent="VBoxContainer/HBoxContainer"]
layout_mode = 2
theme = ExtResource("1_glgvb")
text = "Close Sheet"

[node name="DeleteSheet" type="Button" parent="VBoxContainer"]
layout_mode = 2
theme = ExtResource("1_glgvb")
text = "Delete Sheet"
